 Dungeon Crawl Stone Soup version 0.31-a0-239-g0a1456f148 (webtiles) character file.

Game seed: 17444403163451045149

131 qw the Shooter (level 5, -18/30 HPs)
             Began as a Gargoyle Hexslinger on July 11, 2023.
             Blown up by Ijyb (20 damage)
             ... with a mindburst bolt
             ... on level 3 of the Dungeon.
             The game lasted 00:01:00 (1901 turns).

qw the Shooter (Gargoyle Hexslinger)                Turns: 1901, Time: 00:01:00

Health: -18/30     AC:  9    Str: 12    XL:     5   Next: 14%
Magic:  6/6        EV: 10    Int: 13    God:
Gold:   176        SH:  0    Dex: 14    Spells: 5/6 levels left

rFire   . . .        Y - +1 sling
rCold   . . .        (no shield)
rNeg    + . .        h - +0 ring mail
rPois   inf          (no helmet)
rElec   +            (no cloak)
rCorr   .            (no gloves)
SInv    .            (no boots)
Will    .....        (no amulet)
Stlth   +            (no ring)
HPRegen 0.25/turn    (no ring)
MPRegen 0.10/turn

%: no passive effects
@: no status effects
A: sickness immunity, AC +4, negative energy resistance 1, electricity
resistance, torment resistance 1, petrification resistance
a: no special abilities


You were on level 3 of the Dungeon.
You visited 1 branch of the dungeon, and saw 3 of its levels.

You collected 176 gold pieces.


Innate Abilities, Weirdness & Mutations

You are immune to sickness and miasma.
Your stone body is resilient. (AC +4)
You are immune to poison.
You resist negative energy. (rN+)
You are resistant to electric shocks. (rElec)
You are resistant to unholy torment.
You are immune to petrification.


   Skills:
 - Level 2.0 Fighting
 + Level 4.7 Ranged Weapons
 - Level 1.0 Armour
 - Level 1.5 Dodging
 - Level 1.0 Spellcasting
 - Level 2.6 Hexes


You had 5 spell levels left.
You knew the following spells:

 Your Spells              Type           Power      Damage    Failure   Level
a - Slow                  Hex            28%        N/A       22%         1

Your spell library contained the following spells:

 Spells                   Type           Power      Damage    Failure   Level
 Inner Flame              Hex/Fire       4%         N/A       73%         3
 Portal Projectile        Hex/Tloc       8%         N/A       73%         3
 Cause Fear               Hex            3%         N/A       91%         4

Inventory:

Hand Weapons
 Y - a +1 sling (weapon)
Armour
 h - a +0 ring mail (worn)
Scrolls
 b - a scroll of identify
Potions
 a - a potion of lignification {unknown}

Dungeon Overview and Level Annotations

Branches:
Dungeon (3/15)

Altars:
Fedhas

Annotations:
D:3 exclusion: oklob plant, Ijyb


Message History

The rat bites you but does no damage.
You shoot a sling bullet.
The sling bullet closely misses the rat.
The sling bullet hits Ijyb!
Ijyb is moderately wounded.
The rat bites you but does no damage. The rat completely misses you.
You shoot a sling bullet. The sling bullet closely misses Ijyb.
Ijyb hits you with a +0 club. The rat bites you.
You shoot a sling bullet. The sling bullet hits Ijyb.
Ijyb is heavily wounded.
Ijyb hits you with a +0 club. The rat bites you but does no damage.
You shoot a sling bullet.
The sling bullet hits Ijyb but does no damage.
Ijyb is heavily wounded.
Ijyb zaps a wand.
Your mind is blasted!
Ouch! That really hurt!
The rat bites you but does no damage. The rat closely misses you.
Ijyb hits you with a +0 club.
You shoot a sling bullet. The sling bullet hits Ijyb.
Ijyb is severely wounded.
Ijyb hits you but does no damage. The rat barely misses you.
You shoot a sling bullet.
The sling bullet hits Ijyb but does no damage.
Ijyb is severely wounded.
Ijyb closely misses you. The rat bites you but does no damage.
You shoot a sling bullet.
The sling bullet hits Ijyb but does no damage.
Ijyb is severely wounded.
Ijyb closely misses you. The rat bites you but does no damage.
You shoot a sling bullet.
The sling bullet hits Ijyb but does no damage.
Ijyb is severely wounded.
The rat misses you. Ijyb barely misses you. The rat closely misses you.
Ijyb zaps a wand.
Your mind is blasted!
You shoot a sling bullet.
The sling bullet hits Ijyb but does no damage.
Ijyb is severely wounded.
Ijyb zaps a wand.
Your mind is blasted!
Ouch! That really hurt!
You die...

#.#...... ##### #.......# ##...##
#........ #.###.##.........##
###### .## ##.###.#...#..
####..... ## ##.##.......#
#.......# # #.##.....gr##
#.##.##.. ## ##.# #.@.# #.##.##.)
.## ##.## #..<# #.##..#..
%>###...#### #...#######.###.#.#
##.........# #...##.......#....#
##......##.####...##..###.....:.#
##.#..#.##......)......##..##.##.
#######..........................
.. #.##.............##.....##.
.#PP #....####...##......<.###.#


You could see Ijyb and a rat.

Vanquished Creatures
  An orc priest (D:3)
  3 adders
  A worm (D:3)
  2 dart slugs
  4 orcs (D:3)
  5 ball pythons
  5 bats
  6 endoplasms
  4 giant cockroaches
  A hobgoblin (D:3)
  5 jackals (D:3)
  5 quokkas
  4 frilled lizards
  7 goblins
  3 kobolds
  6 rats
62 creatures vanquished.

Notes
Turn   | Place    | Note
-------+----------+-------------------------------------------
     0 | D:1      | qw the Gargoyle Hexslinger began the quest for the Orb.
     0 | D:1      | Reached XP level 1. HP: 12/12 MP: 2/2
     0 | D:1      | 0 ||| qw: Version: 0.3-a-52-g30416fa
     0 | D:1      | 0 ||| qw: Game counter: 5912
     0 | D:1      | 0 ||| qw: Melee chars always use a shield: true
     0 | D:1      | 0 ||| qw: God list: Okawaru
     0 | D:1      | 0 ||| qw: Allow faded altars: false
     0 | D:1      | 0 ||| qw: Do Orc after clearing Dungeon:15 true
     0 | D:1      | 0 ||| qw: Do second Lair branch before Depths: true
     0 | D:1      | 0 ||| qw: Lair rune preference: random
     0 | D:1      | 0 ||| qw: Goals: Normal
     0 | D:1      | 0 ||| PLANNING D:1-11
   206 | D:1      | Reached XP level 2. HP: 16/16 MP: 3/3
   280 | D:1      | Reached skill level 3 in Ranged Weapons
   610 | D:1      | 610 ||| UPGRADING to +0 ring mail.
   620 | D:1      | 620 ||| DROPPING +0 robe.
   621 | D:1      | 621 ||| READING scroll labelled YRA PIUVYPTY.
   622 | D:1      | 622 ||| READING scroll labelled RES VOXEPPIA.
   623 | D:1      | 623 ||| READING 2 scrolls labelled RETUW PIUSSER.
   624 | D:1      | 624 ||| READING scroll labelled FASHEU JEIHUIL.
   625 | D:1      | 625 ||| DROPPING scroll of poison.
   626 | D:1      | 626 ||| DROPPING scroll of fear.
   683 | D:2      | 683 ||| STAIRDANCE
   730 | D:2      | Reached XP level 3. HP: 21/21 MP: 4/4
  1200 | D:2      | 1200 ||| READING scroll labelled HUOCEU PITT.
  1201 | D:2      | 1201 ||| READING scroll labelled CYHEPP QOTHREOQ.
  1277 | D:3      | Reached skill level 4 in Ranged Weapons
  1277 | D:3      | Reached XP level 4. HP: 10/26 MP: 5/5
  1399 | D:3      | Reached skill level 1 in Armour
  1516 | D:3      | 1516 ||| Stepping ~*~*~tactically~*~*~ (water).
  1524 | D:3      | Reached XP level 5. HP: 30/30 MP: 6/6
  1739 | D:3      | Found a blossoming altar of Fedhas.
  1758 | D:3      | Noticed an oklob plant
  1760 | D:3      | 1760 ||| READING scroll labelled MUCHOH MEOWKI.
  1760 | D:3      | HP: 7/30 [oklob plant/splash of acid (6)]
  1853 | D:3      | 1853 ||| READING scroll labelled PEALOI PUOT.
  1888 | D:3      | Noticed Ijyb
  1890 | D:3      | 1890 ||| FLEEEEING.
  1896 | D:3      | HP: 5/30 [disintegration (17)]
  1896 | D:3      | HP: 2/30 [Ijyb/+0 club (3)]
  1901 | D:3      | Blown up by Ijyb

Levels and vault maps discovered:
D:1:      minmay_arrival_wavy_path, layout_basic
D:2:      kennysheep_big_flooded_room, layout_basic
D:3:      layout_loops_cross, tgw_fedhas, saegor_snake_ambush, uniq_ijyb

Skill      XL: |  1  2  3  4 |
---------------+-------------+-----
Ranged Weapons | 3 4 |  4.7
Fighting       | 2 |  2.0
Armour         | 1 |  1.0
Dodging        | |  1.5
Spellcasting   | |  1.0
Hexes          | |  2.6

Action                     |  1- 3 |  4- 6 || total
---------------------------+-------+-------++-------
   Fire: Sling             |   155 |    98 ||   253
    Use: Scroll            |     6 |     2 ||     8
 Armour: Robe              |     5 |       ||     5
         Ring mail         |    53 |    49 ||   102
  Dodge: Dodged            |    61 |    54 ||   115

Table legend:
 A = Non-vault XP
 B = Vault XP
 C = Vault XP percentage of total XP
 D = Non-vault monster count
 E = Vault monster count
 F = Vault count percentage of total count
                 A         B        C        D         E       F
            +---------+---------+-------+---------+---------+-------
      Total |     170 |      18 |   9.6 |      58 |       4 |   6.5
            +---------+---------+-------+---------+---------+-------
        D:1 |      27 |       0 |   0.0 |      16 |       0 |   0.0
        D:2 |      40 |       4 |   9.1 |      16 |       2 |  11.1
        D:3 |     103 |      14 |  12.0 |      26 |       2 |   7.1
            +---------+---------+-------+---------+---------+-------
